PUB
SAN FRANCISCO MEATBALLS @ PHILADELPHIA ATHLETICS
06/08/1972
 
TOP OF THE 1ST
San Francisco Meatballs batting - Pitching for Philadelphia Athletics : LHP Aurelio Serrano
Pitching: LHP Aurelio Serrano
Batting: LHB José Otero 0-0: Called Strike
0-1: Ball
1-1: Swinging Strike
1-2: Ground out 4-3 (Groundball, 34, EV 90.6 MPH)
Batting: RHB Dave Concepcion 0-0: Foul Ball, location: 5FF
0-1: Swinging Strike
0-2: Strikes out swinging
Batting: LHB Jonathan Norton 0-0: Called Strike
0-1: Swinging Strike
0-2: Ball
1-2: SINGLE (Flyball, 5D, EV 84.4 MPH)
Batting: RHB Terry Williams 0-0: Ball
1-0: SINGLE (Line Drive, 4MD, EV 102.5 MPH)
Jonathan Norton to second
Batting: SHB John Bell 0-0: Ball
1-0: Swinging Strike
1-1: Ball
2-1: Swinging Strike
2-2: Strikes out swinging
Top of the 1st over - 0 runs, 2 hits, 0 errors, 2 left on base; San Francisco 0 - Philadelphia 0
BOTTOM OF THE 1ST
Philadelphia Athletics batting - Pitching for San Francisco Meatballs : RHP Masazumi Chikafuji
Pitching: RHP Masazumi Chikafuji
Batting: RHB Carl Plumer 0-0: Ball
1-0: Called Strike
1-1: Swinging Strike
1-2: Ball
2-2: Strikes out swinging, 2-3 out at first.
Batting: LHB Graham Burch 0-0: Called Strike
0-1: Ball
1-1: Called Strike
1-2: Foul Ball, location: 5F
1-2: Strikes out swinging
Batting: RHB Bobby Bonds 0-0: Called Strike
0-1: Ball
1-1: Ball
2-1: Foul Ball, location: 2LF
2-2: Ball
3-2: Foul Ball, location: 7LMF
3-2: Ground out 6-3 (Groundball, 6M, EV 98.1 MPH)
Bottom of the 1st over - 0 runs, 0 hits, 0 errors, 0 left on base; San Francisco 0 - Philadelphia 0
TOP OF THE 2ND
San Francisco Meatballs batting - Pitching for Philadelphia Athletics : LHP Aurelio Serrano
Batting: SHB Nathan McClain 0-0: Swinging Strike
0-1: Ball
1-1: Called Strike
1-2: Ball
2-2: Ball
3-2: Fly out, F8 (Line Drive, 89M, EV 109.4 MPH)
Batting: RHB Dale Sledge 0-0: Swinging Strike
0-1: Foul Ball, location: 9LSF
0-2: Ball
1-2: Ball
2-2: SINGLE (Groundball, 6MD, EV 104.4 MPH)
Batting: RHB Jake Brown 0-0: Ball
1-0: Fly out, F8 (Flyball, 8RD, EV 103.8 MPH)
Batting: RHB Masazumi Chikafuji 0-0: Called Strike
0-1: Ball
1-1: Ball
2-1: Foul Ball, location: 9LMF
2-2: Ground out 2-3 (Groundball, 2L, EV 71.3 MPH)
Top of the 2nd over - 0 runs, 1 hit, 0 errors, 1 left on base; San Francisco 0 - Philadelphia 0
BOTTOM OF THE 2ND
Philadelphia Athletics batting - Pitching for San Francisco Meatballs : RHP Masazumi Chikafuji
Batting: RHB Steve Garvey 0-0: Ball
1-0: Ball
2-0: Called Strike
2-1: Ball
3-1: Fly out, F8 (Line Drive, 78M, EV 89.4 MPH)
Batting: RHB Reginald Smith 0-0: Foul Ball, location: 25F
0-1: Ball
1-1: Called Strike
1-2: Ground out 5-3 (Groundball, 56, EV 79.4 MPH)
Batting: RHB Frank Harris 0-0: Called Strike
0-1: Swinging Strike
0-2: Ball
1-2: Foul Ball, location: 9LDF
1-2: Strikes out swinging
Bottom of the 2nd over - 0 runs, 0 hits, 0 errors, 0 left on base; San Francisco 0 - Philadelphia 0
TOP OF THE 3RD
San Francisco Meatballs batting - Pitching for Philadelphia Athletics : LHP Aurelio Serrano
Batting: LHB José Otero 0-0: Ground out U3 (Groundball, 34, EV 80.0 MPH)
Batting: RHB Dave Concepcion 0-0: Ball
1-0: Ball
2-0: Ball
3-0: Called Strike
3-1: Ground out 5-3 (Groundball, 56, EV 83.1 MPH)
Batting: LHB Jonathan Norton 0-0: Called Strike
0-1: Called Strike
0-2: Strikes out swinging, 2-3 out at first.
Top of the 3rd over - 0 runs, 0 hits, 0 errors, 0 left on base; San Francisco 0 - Philadelphia 0
BOTTOM OF THE 3RD
Philadelphia Athletics batting - Pitching for San Francisco Meatballs : RHP Masazumi Chikafuji
Batting: LHB Ed Kirkpatrick 0-0: Ball
1-0: Foul Ball, location: 23FF
1-1: Foul Ball, location: 7LSF
1-2: Foul Ball, location: 2F
1-2: SINGLE (Line Drive, 78S, EV 89.4 MPH)
Batting: RHB Toby Harrah 0-0: Foul Ball, location: 2F
0-1: Ball
1-1: Hit by Pitch
Ed Kirkpatrick to second
Batting: LHB Aurelio Serrano 0-0: Sac Bunt to 13 - play at first, batter OUT! 1-4
Ed Kirkpatrick to third
Toby Harrah to second
Batting: RHB Carl Plumer 0-0: Fly out, F9 (Flyball, 9D, EV 103.1 MPH)
Runner from 3rd tags up, SCORES, no throw by RF
Toby Harrah to third
Batting: LHB Graham Burch 0-0: Called Strike
0-1: Swinging Strike
0-2: Strikes out looking
Bottom of the 3rd over - 1 run, 1 hit, 0 errors, 1 left on base; San Francisco 0 - Philadelphia 1
TOP OF THE 4TH
San Francisco Meatballs batting - Pitching for Philadelphia Athletics : LHP Aurelio Serrano
Batting: RHB Terry Williams 0-0: Called Strike
0-1: Ball
1-1: DOUBLE (Flyball, 7LD, EV 88.1 MPH)
Batting: SHB John Bell 0-0: Called Strike
0-1: Ball
1-1: Ball
2-1: Foul Ball, location: 7LMF
2-2: Strikes out swinging
Batting: SHB Nathan McClain 0-0: Called Strike
0-1: Swinging Strike
0-2: Ball
1-2: Ball
2-2: Strikes out swinging
Batting: RHB Dale Sledge 0-0: Ball
1-0: SINGLE (Flyball, 78S, EV 95.6 MPH)
Terry Williams to third
Runner from 3rd tries for Home, SAFE, throw by LF to home
Batting: RHB Jake Brown 0-0: Called Strike
0-1: Fly out, F8 (Flyball, 8RM, EV 86.3 MPH)
Top of the 4th over - 1 run, 2 hits, 0 errors, 1 left on base; San Francisco 1 - Philadelphia 1
BOTTOM OF THE 4TH
Philadelphia Athletics batting - Pitching for San Francisco Meatballs : RHP Masazumi Chikafuji
Batting: RHB Bobby Bonds 0-0: Called Strike
0-1: Ball
1-1: Called Strike
1-2: Fly out, F2 (Popup, 3SF, EV 89.4 MPH)
Batting: RHB Steve Garvey 0-0: Ball
1-0: Ball
2-0: SINGLE (Groundball, 4MD, EV 101.9 MPH)
Batting: RHB Reginald Smith 0-0: Called Strike
0-1: Called Strike
0-2: Ball
1-2: Strikes out swinging
Batting: RHB Frank Harris 0-0: Called Strike
0-1: Ball
1-1: Ball
2-1: Foul Ball, location: 23F
2-2: Ball
3-2: Strikes out looking
Bottom of the 4th over - 0 runs, 1 hit, 0 errors, 1 left on base; San Francisco 1 - Philadelphia 1
TOP OF THE 5TH
San Francisco Meatballs batting - Pitching for Philadelphia Athletics : LHP Aurelio Serrano
Batting: RHB Masazumi Chikafuji 0-0: Ball
1-0: Ball
2-0: Ground out 6-3 (Groundball, 6, EV 86.9 MPH)
Batting: LHB José Otero 0-0: Swinging Strike
0-1: Foul Ball, location: 2F
0-2: SINGLE (Line Drive, 9S, EV 89.4 MPH)
Batting: RHB Dave Concepcion 0-0: Ball
1-0: Called Strike
1-1: Ball
2-1: Called Strike
2-2: Strikes out swinging
Batting: LHB Jonathan Norton 0-0: Ball
1-0: Fly out, F7 (Flyball, 7LD, EV 93.8 MPH)
Top of the 5th over - 0 runs, 1 hit, 0 errors, 1 left on base; San Francisco 1 - Philadelphia 1
BOTTOM OF THE 5TH
Philadelphia Athletics batting - Pitching for San Francisco Meatballs : RHP Masazumi Chikafuji
Batting: LHB Ed Kirkpatrick 0-0: Ball
1-0: Swinging Strike
1-1: Ball
2-1: Foul Ball, location: 2F
2-2: SINGLE (Line Drive, 78M, EV 108.1 MPH)
Batting: RHB Toby Harrah 0-0: Foul Ball, location: 9LMF
0-1: Foul Ball, location: 9LDF
0-2: Strikes out swinging
Batting: LHB Aurelio Serrano 0-0: Ball
1-0: Sac Bunt to 23 - play at first, batter OUT! 3-4
Ed Kirkpatrick to second
Batting: RHB Carl Plumer 0-0: Called Strike
0-1: Ball
1-1: Ball
2-1: SINGLE (Line Drive, 78S, EV 108.1 MPH)
Ed Kirkpatrick to third
Runner from 3rd tries for Home, throw by LF and OUT! 7-2
Bottom of the 5th over - 0 runs, 2 hits, 0 errors, 1 left on base; San Francisco 1 - Philadelphia 1
TOP OF THE 6TH
San Francisco Meatballs batting - Pitching for Philadelphia Athletics : LHP Aurelio Serrano
Batting: RHB Terry Williams 0-0: Called Strike
0-1: Ball
1-1: Foul Ball, location: 2F
1-2: Ball
2-2: Fly out, F4 (Popup, 34S, EV 81.9 MPH)
Batting: SHB John Bell 0-0: Reached via error on a dropped throw from SS, E3 (Groundball, 6, EV 86.3 MPH)
Batting: SHB Nathan McClain 0-0: Ball
1-0: Ball
2-0: Foul Ball, location: 2F
2-1: Ball
3-1: Called Strike
3-2: Ground out 1-3 (Groundball, 13, EV 66.3 MPH)
John Bell to second
Batting: RHB Dale Sledge 0-0: Called Strike
0-1: Called Strike
0-2: Ball
1-2: Foul Ball, location: 3FF
1-2: Ball
2-2: Ground out 5-3 (Groundball, 56S, EV 90.0 MPH)
Top of the 6th over - 0 runs, 0 hits, 1 error, 1 left on base; San Francisco 1 - Philadelphia 1
BOTTOM OF THE 6TH
Philadelphia Athletics batting - Pitching for San Francisco Meatballs : RHP Masazumi Chikafuji
Batting: LHB Graham Burch 0-0: Called Strike
0-1: Ball
1-1: Foul Ball, location: 3FF
1-2: Ball
2-2: Ball
3-2: Strikes out looking
Batting: RHB Bobby Bonds 0-0: Foul Ball, location: 2F
0-1: Ball
1-1: Ball
2-1: Called Strike
2-2: Strikes out swinging
Batting: RHB Steve Garvey 0-0: Foul Ball, location: 23FF
0-1: Ball
1-1: Called Strike
1-2: Strikes out swinging
Bottom of the 6th over - 0 runs, 0 hits, 0 errors, 0 left on base; San Francisco 1 - Philadelphia 1
TOP OF THE 7TH
San Francisco Meatballs batting - Pitching for Philadelphia Athletics : LHP Aurelio Serrano
Batting: RHB Jake Brown 0-0: Called Strike
0-1: Ball
1-1: Foul Ball, location: 2F
1-2: Ball
2-2: Ball
3-2: Strikes out looking
Batting: RHB Masazumi Chikafuji 0-0: Called Strike
0-1: Ball
1-1: Ground out 6-3 (Groundball, 6, EV 82.5 MPH)
Batting: LHB José Otero 0-0: Called Strike
0-1: Foul Ball, location: 2F
0-2: Ball
1-2: Strikes out swinging
Top of the 7th over - 0 runs, 0 hits, 0 errors, 0 left on base; San Francisco 1 - Philadelphia 1
BOTTOM OF THE 7TH
Philadelphia Athletics batting - Pitching for San Francisco Meatballs : RHP Masazumi Chikafuji
Batting: RHB Reginald Smith 0-0: Swinging Strike
0-1: Foul Ball, location: 2LF
0-2: Ball
1-2: Foul Ball, location: 2F
1-2: Foul Ball, location: 2F
1-2: Ball
2-2: Strikes out swinging
Batting: RHB Frank Harris 0-0: Called Strike
0-1: Foul Ball, location: 2F
0-2: Foul Ball, location: 2F
0-2: Foul Ball, location: 25F
0-2: Ball
1-2: Ball
2-2: Strikes out swinging
Batting: LHB Ed Kirkpatrick 0-0: Ground out 3-1 (Groundball, 13, EV 90.6 MPH)
Bottom of the 7th over - 0 runs, 0 hits, 0 errors, 0 left on base; San Francisco 1 - Philadelphia 1
TOP OF THE 8TH
San Francisco Meatballs batting - Pitching for Philadelphia Athletics : LHP Aurelio Serrano
Pitching: LHP Rob Gardner
Batting: RHB Dave Concepcion 0-0: Ball
1-0: Ball
2-0: Ground out 5-3 (Groundball, 56, EV 83.1 MPH)
Batting: LHB Jonathan Norton 0-0: Ball
1-0: Called Strike
1-1: SINGLE (Line Drive, 34D, EV 95.0 MPH)
Pinch Runner at 1st Daniel Taylor:
Batting: RHB Terry Williams 0-0: Fly out, F9 (Flyball, 9LD, EV 86.9 MPH)
Runner from 1st tags up, OUT at 2nd! 9-6
Top of the 8th over - 0 runs, 1 hit, 0 errors, 0 left on base; San Francisco 1 - Philadelphia 1
BOTTOM OF THE 8TH
Philadelphia Athletics batting - Pitching for San Francisco Meatballs : RHP Masazumi Chikafuji
Pitching: LHP Dick Ellsworth
Now in LF: Daniel Taylor
Now in RF: Nathan McClain
Batting: RHB Toby Harrah 0-0: Foul Ball, location: 2F
0-1: Called Strike
0-2: Ball
1-2: Foul Ball, location: 3F
1-2: Strikes out swinging
Pinch Hitting: RHB Lou Piniella 0-0: Ball
1-0: Ground out 1-3 (Groundball, P, EV 71.3 MPH)
Batting: RHB Carl Plumer 0-0: Ground out 5-3 (Groundball, 5S, EV 69.4 MPH)
Bottom of the 8th over - 0 runs, 0 hits, 0 errors, 0 left on base; San Francisco 1 - Philadelphia 1
TOP OF THE 9TH
San Francisco Meatballs batting - Pitching for Philadelphia Athletics : LHP Rob Gardner
Pitching: RHP José Martínez
Pinch Hitting: LHB Jorge López 0-0: Ball
1-0: Swinging Strike
1-1: Swinging Strike
1-2: Ball
2-2: Ball
3-2: Ground out 6-3 (Groundball, 6, EV 84.4 MPH)
Batting: SHB Nathan McClain 0-0: Ball
1-0: Ball
2-0: Called Strike
2-1: Ground out 4-3 (Groundball, 4, EV 102.5 MPH)
Pinch Hitting: LHB Larry Richardson 0-0: Ball
1-0: Called Strike
1-1: Ball
2-1: Called Strike
2-2: Strikes out swinging
Top of the 9th over - 0 runs, 0 hits, 0 errors, 0 left on base; San Francisco 1 - Philadelphia 1
BOTTOM OF THE 9TH
Philadelphia Athletics batting - Pitching for San Francisco Meatballs : LHP Dick Ellsworth
Now at 2B: Munenori Sato
Now at 3B: Larry Richardson
Pinch Hitting: RHB Fred Kendall 0-0: Ball
1-0: Called Strike
1-1: Ball
2-1: Ball
3-1: SINGLE (Line Drive, 56, EV 94.4 MPH)
Batting: RHB Bobby Bonds 0-0: Ball
1-0: Ball
2-0: Ball
3-0: Base on Balls
Fred Kendall to second
Batting: RHB Steve Garvey 0-0: Ball
1-0: Ball
2-0: Called Strike
2-1: Grounds into double play, 5-4-3 (Groundball, 5, EV 81.9 MPH)
Fred Kendall to third
Batting: RHB Reginald Smith 0-0: Intentional Walk
Batting: RHB Frank Harris 0-0: Ball
1-0: Called Strike
1-1: Swinging Strike
1-2: Ball
2-2: Strikes out looking
Bottom of the 9th over - 0 runs, 1 hit, 0 errors, 2 left on base; San Francisco 1 - Philadelphia 1
TOP OF THE 10TH
San Francisco Meatballs batting - Pitching for Philadelphia Athletics : RHP José Martínez
Now at 1B: António Gutiérrez
Pinch Hitting: LHB Johnny Edwards 0-0: Called Strike
0-1: Ball
1-1: Swinging Strike
1-2: Strikes out swinging
Batting: LHB Dick Ellsworth 0-0: Called Strike
0-1: Called Strike
0-2: Foul Ball, location: 7LDF
0-2: Strikes out swinging
Pitching: RHP Gary Ross
Now in LF: Chad Sanders
Batting: LHB José Otero 0-0: SINGLE (Groundball, 34D, EV 101.9 MPH)
Batting: RHB Dave Concepcion 0-0: Fielders Choice at 2nd, 5-4 (Groundball, 5, EV 98.8 MPH)
Top of the 10th over - 0 runs, 1 hit, 0 errors, 1 left on base; San Francisco 1 - Philadelphia 1
BOTTOM OF THE 10TH
Philadelphia Athletics batting - Pitching for San Francisco Meatballs : LHP Dick Ellsworth
Now at C: Johnny Edwards
Batting: LHB Ed Kirkpatrick 0-0: Ground out 4-3 (Groundball, 4, EV 84.4 MPH)
Batting: RHB Toby Harrah 0-0: SINGLE (Groundball, 6D, EV 100.0 MPH)
Batting: LHB Chad Sanders 0-0: Called Strike
0-1: Fly out, F8 (Flyball, 8RD, EV 100.6 MPH)
Pitching: RHP Cipriano Valdés
Batting: RHB Carl Plumer 0-0: Called Strike
Toby Harrah steals 2nd base
0-1: Ball
1-1: Ground out 6-3 (Groundball, P, EV 84.4 MPH)
Bottom of the 10th over - 0 runs, 1 hit, 0 errors, 1 left on base; San Francisco 1 - Philadelphia 1
TOP OF THE 11TH
San Francisco Meatballs batting - Pitching for Philadelphia Athletics : RHP Gary Ross
Batting: SHB Daniel Taylor 0-0: Ball
1-0: Foul Ball, location: 3FF
1-1: Called Strike
1-2: Foul Ball, location: 7LMF
1-2: Ball
2-2: Foul Ball, location: 7LMF
2-2: Strikes out swinging
Batting: RHB Terry Williams 0-0: Ball
1-0: Called Strike
1-1: Foul Ball, location: 25F
1-2: Strikes out swinging
Batting: SHB Munenori Sato 0-0: SINGLE (Line Drive, 3D, EV 96.9 MPH)
Pitching: RHP Bob Locker
Now at 2B: Bobby Knoop
Batting: SHB Nathan McClain 0-0: Called Strike
Munenori Sato steals 2nd base
0-1: Ball
1-1: Ball
2-1: Ball
3-1: Base on Balls
Batting: LHB Larry Richardson 0-0: Called Strike
0-1: Ball
1-1: DOUBLE (Flyball, 78XD, EV 111.3 MPH)
Munenori Sato scores
Nathan McClain to third
Runner from 3rd tries for Home, SAFE, no throw by CF
Batting: LHB Johnny Edwards 0-0: Called Strike
0-1: Ball
1-1: Called Strike
1-2: Ball
2-2: Ball
3-2: Strikes out swinging
Top of the 11th over - 2 runs, 2 hits, 0 errors, 1 left on base; San Francisco 3 - Philadelphia 1
BOTTOM OF THE 11TH
Philadelphia Athletics batting - Pitching for San Francisco Meatballs : RHP Cipriano Valdés
Pitching: RHP Armando Martínez
Batting: RHB António Gutiérrez 0-0: Ball
1-0: Ball
2-0: Ball
3-0: Base on Balls
Batting: RHB Bobby Bonds 0-0: Ball
1-0: Swinging Strike
1-1: Foul Ball, location: 9LDF
1-2: Foul Ball, location: 9LSF
1-2: SINGLE (Line Drive, 89S, EV 90.6 MPH)
António Gutiérrez to second
Batting: RHB Steve Garvey 0-0: Called Strike
0-1: Ball
1-1: SINGLE (Line Drive, 8LS, EV 110.0 MPH)
António Gutiérrez to third
Bobby Bonds to second
Batting: RHB Bobby Knoop 0-0: Ball
1-0: Called Strike
1-1: Foul Ball, location: 9LDF
1-2: Ball
2-2: Strikes out swinging
Batting: RHB Frank Harris 0-0: Called Strike
0-1: Ball
1-1: Ball
2-1: GRAND SLAM HOME RUN (Flyball, 9LD, EV 93.1 MPH), Distance : 334 ft
Bottom of the 11th over - 4 runs, 3 hits, 0 errors, 0 left on base; San Francisco 3 - Philadelphia 5
Monday, March 25th , 2024 - OOTP Baseball 24.8 Build 75